 Dungeon Crawl Stone Soup version 0.27-a0-931-g5a74e75d8f (webtiles) character file.

Game seed: 2886255636399564653

0 polve the Skirmisher (level 1, -22/18 HPs)
             Began as a Demonspawn Abyssal Knight on Apr 10, 2021.
             Was a Follower of Lugonu.
             Annihilated by a tentacled starspawn (35 damage)
             ... on level 1 of the Dungeon.
             The game lasted 00:00:43 (268 turns).

polve the Skirmisher (Demonspawn Abyssal Knight)     Turns: 268, Time: 00:00:44

Health: -22/18     AC:  3    Str: 12    XL:     1   Next: 0%
Magic:  2/2        EV: 11    Int: 13    God:    Lugonu [*.....]
Gold:   11         SH:  0    Dex: 12    Spells: 0/0 levels left

rFire    . . .     SeeInvis .   a - +1 falchion
rCold    . . .     Faith    .   (no shield)
rNeg     . . .     Spirit   .   b - +0 leather armour
rPois    .         Reflect  .   (no helmet)
rElec    .         Harm     .   (no cloak)
rCorr    .         Rampage  .   (no gloves)
Will     .....                  (no boots)
Stlth    +.........             (no amulet)
HPRegen  0.06/turn              (no ring)
MPRegen  0.08/turn              (no ring)

@: no status effects
A: no striking features
a: Renounce Religion, Depart the Abyss


You were on level 1 of the Dungeon.
You worshipped Lugonu.
Lugonu was aware of your devotion.
You visited 1 branch of the dungeon, and saw 1 of its levels.
You visited the Abyss 1 time.

You collected 11 gold pieces.

Inventory:

Hand Weapons
 a - a +1 falchion (weapon)
Armour
 b - a +0 leather armour (worn)
Scrolls
 c - 2 scrolls of vulnerability {unknown}


   Skills:
 - Level 3.0 Fighting
 + Level 1.7 Long Blades
 - Level 1.7 Armour
 - Level 0.8 Dodging
 - Level 2.4 Invocations


You couldn't memorise any spells.
You didn't know any spells.
Your spell library was empty.

Dungeon Overview and Level Annotations

Branches:
Dungeon (1/15)

Altars:


Message History

c - a scroll labelled UNUSCH RIOXZUA You are no longer firmly anchored in space.
Found 20 stones.
c - 2 scrolls labelled UNUSCH RIOXZUA (gained 1)
A tentacled starspawn comes into view.
A tentacled starspawn is nearby!
A tentacle flies out from the starspawn's body!
A starspawn tentacle comes into view.
A starspawn tentacle comes into view.
A tentacle flies out from the starspawn's body!
A starspawn tentacle comes into view.
A tentacled starspawn is nearby!
Found 11 gold pieces.
Found a gateway leading out of the Abyss.
A chaos spawn comes into view.
The chaos spawn bellows!
A tentacled starspawn comes into view.
A tentacle flies out from the starspawn's body!
A starspawn tentacle comes into view.
You see here 11 gold pieces.
You now have 11 gold pieces.
There is a gateway leading out of the Abyss here.
Okay, then.
The tentacled starspawn closely misses you.
You riposte.
You hit the tentacled starspawn.
The tentacled starspawn is lightly damaged.
The tentacled starspawn tentacle-slaps you.
You pass through the gate.
There is a staircase leading out of the dungeon here.
You hit the tentacled starspawn but do no damage.
The tentacled starspawn is lightly damaged.
The tentacled starspawn barely misses you.
You riposte.
You hit the tentacled starspawn.
The tentacled starspawn is lightly damaged.
The tentacled starspawn closely misses you.
You hit the tentacled starspawn but do no damage.
The tentacled starspawn is lightly damaged.
The tentacled starspawn bites you!!
Ouch! That really hurt!
You die...

# ### # #.....#
###.#.#.###
#.........# #@#
#X#
#.#.###.###.#.#
#......<......#
#.#.###.###.#.#
#.# #.# ... #.#


You could see a tentacled starspawn.

Vanquished Creatures (others)
  7 starspawn tentacles (Abyss:1)
7 creatures vanquished.

Notes
Turn   | Place    | Note
-------+----------+-------------------------------------------
     0 | Abyss:1  | polve the Demonspawn Abyssal Knight began the quest for the
                  | Orb.
     0 | Abyss:1  | Reached XP level 1. HP: 18/18 MP: 2/2
   121 | Abyss:1  | Noticed a white draconian shifter
   129 | Abyss:1  | Noticed an apocalypse crab
   139 | Abyss:1  | Noticed a large abomination
   218 | Abyss:1  | Noticed a tentacled starspawn
   225 | Abyss:1  | Noticed a small abomination
   255 | Abyss:1  | Noticed a chaos spawn
   258 | Abyss:1  | Noticed a tentacled starspawn
   263 | D:1      | Escaped the Abyss
   268 | D:1      | Annihilated by a tentacled starspawn

Illustrated notes

Levels and vault maps discovered:
D:1:      roderic_chinese_lattice_arrival, layout_rooms, minmay_box_of_dots

Action                   || total
-------------------------++-------
Melee: Falchion          ||     2
Dodge: Dodged            ||     3
       Rpst.: Falchion   ||     2

Table legend: (Time is in decaauts)
 A = Elapsed time spent in this place.
 B = Non-inter-level travel time spent in this place.
 C = Inter-level travel time spent in this place.
 D = Time resting spent in this place.
 E = Time spent auto-exploring this place.
 F = Levels seen in this place.
 G = Mean time per level.
                   A        B        C        D        E       F      G
               +--------+--------+--------+--------+--------+-----+--------+
         Total |    267 |    267 |      0 |      0 |    184 |   2 |  133.5 |
       Dungeon |      4 |      4 |      0 |      0 |      0 |   1 |    4.0 |
         Abyss |    263 |    263 |      0 |      0 |    184 |   1 |  263.0 |
               +--------+--------+--------+--------+--------+-----+--------+

Top non-repeatable levels by time:
 Abyss:1: 263 daAuts
     D:1: 4 daAuts
